AoeStats
← uli2099

Arena

510080501Analyzed
2v2 RM · 5d ago on Sep 29, 2026· 43m 22s· 4 players
Game mode
Random Map
Map size
Medium (4 player)
Population
200
Speed
Normal
Resources
Standard
Victory
Conquest
Starting age
Dark Age
Ending age
Imperial Age
RankedLock teamsTeams togetherTeam positionsShared explorationLock speedFull tech treeHidden civsTurbo modeCheats
Victory
Defeat
🇺🇸 Khmer · United States
1481
+12
🇺🇸 Cumans · United States
1379
+16
🇩🇪 Persians · Germany
1390
-14
🇷🇺 Bengalis · Russia
1385
-14
uli2099
10:01 Feudal Age
10:59 Loom
14:38 Castle Age
12:46 Horse Collar
13:12 Double-Bit Axe
15:33 Bow Saw
22:42 Stone Mining
23:23 Heavy Plow
24:51 Wheelbarrow
24:54 Gold Mining
26:34 Gold Shaft Mining
26:41 Hand Cart
30:08 Imperial Age
28:36 Scale Barding Armor
28:42 Forging
28:23 Fletching
28:21 Crossbowman
29:42 Stone Shaft Mining
29:46 Kamandaran
31:02 Conscription
31:07 Chain Barding Armor
31:29 Crop Rotation
32:01 Iron Casting
32:02 Husbandry
32:13 Bloodlines
33:05 Plate Barding Armor
33:23 Thumb Ring
33:49 Squires
34:07 Pikeman
35:50 Two-Man Saw
34:29 Elite War Elephant
35:32 Halberdier
37:51 Scale Mail Armor
38:32 Coinage
JustHaveFun()
10:09 Feudal Age
13:59 Castle Age
12:18 Double-Bit Axe
12:31 Horse Collar
16:21 Wheelbarrow
19:33 Gold Mining
23:40 Gold Shaft Mining
24:31 Loom
27:19 Imperial Age
24:51 Fletching
25:26 Ballistics
25:31 Bodkin Arrow
25:36 Padded Archer Armor
26:41 Stone Mining
27:21 Leather Archer Armor
28:02 Elite Elephant Archer
29:06 Bracer
29:22 Devotion
31:04 Paiks
JESUS_is_SAVIOR3
8:12 Feudal Age
8:50 Horse Collar
8:57 Double-Bit Axe
13:04 Wheelbarrow
14:33 Town Watch
19:08 Stone Mining
28:04 Castle Age
29:22 Coinage
28:57 Heavy Plow
29:11 Bow Saw
29:43 Gold Mining
32:25 Gold Shaft Mining
33:52 Hand Cart
34:33 Stone Shaft Mining
34:20 Loom
36:19 Ballistics
36:10 Masonry
38:50 Imperial Age
39:10 Capped Ram
39:16 Heavy Scorpion
40:01 Double Crossbow
40:23 Conscription
42:48 Chemistry
42:16 Siege Ram
dl_cucga
8:27 Feudal Age
9:12 Double-Bit Axe
12:27 Loom
12:50 Horse Collar
18:32 Castle Age
17:30 Gold Mining
21:23 Bow Saw
21:14 Heavy Plow
24:02 Imperial Age
22:14 Scale Barding Armor
23:32 Chain Barding Armor
24:00 Wheelbarrow
23:57 Bloodlines
23:07 Light Cavalry
23:29 Capped Ram
24:55 Forging
25:02 Elite Steppe Lancer
27:07 Plate Barding Armor
27:38 Iron Casting
26:59 Loom
28:41 Two-Man Saw
31:27 Blast Furnace
31:01 Coinage
31:49 Hand Cart
32:05 Steppe Husbandry
33:40 Town Watch
35:01 Banking
34:16 Siege Ram
Connection lost

Rejoining the realm…

Still unreachable

The connection could not be restored.

Session expired

The server has moved on; the page needs a fresh start.